 Dungeon Crawl Stone Soup version 0.30-a0-622-gddc90eaa04 (webtiles) character file.

Game seed: 16905617827564075904

2218 Newt the Chopper (level 9, -16/65 HPs)
             Began as a Demonspawn Gladiator on Jan 10, 2023.
             Was a Believer of Dithmenos.
             Killed from afar by an oklob plant (30 damage)
             ... with a splash of acid
             ... on level 7 of the Dungeon.
             The game lasted 00:06:44 (6255 turns).

Newt the Chopper (Demonspawn Gladiator)             Turns: 6255, Time: 00:06:45

Health: -16/65     AC:  6    Str: 20    XL:     9   Next: 13%
Magic:  9/9        EV: 12    Int:  9    God:    Dithmenos [**....]
Gold:   311        SH:  0    Dex: 20    Spells: 8/8 levels left

rFire   . . .      SeeInvis .    e - +2 war axe (drain)
rCold   . . .      Faith    .    (no shield)
rNeg    + . .      Spirit   .    B - +2 ring mail {rN+}
rPois   .          Reflect  .    (helmet restricted)
rElec   .          Harm     .    h - +1 cloak
rCorr   .          Rampage  .    z - +2 pair of gloves
Will    .....                    (no boots)
Stlth   ++                       (no amulet)
HPRegen 0.30/turn                n - ring of wizardry
MPRegen 0.11/turn                r - +6 ring of dexterity

@: corroded, wreathed by umbra, very slow
A: antennae 2, foul stench 2, sharp scales 1
a: Renounce Religion, Shadow Step


You were on level 7 of the Dungeon.
You worshipped Dithmenos.
Dithmenos was pleased with you.
You visited 1 branch of the dungeon, and saw 7 of its levels.

You collected 311 gold pieces.

Inventory:

Hand Weapons
 a - a +0 rapier
 e - a +2 war axe of draining (weapon)
Missiles
 d - 6 throwing nets
 f - 10 boomerangs (quivered)
 p - 2 poisoned darts
 s - a javelin
Armour
 b - a +0 leather armour
 c - a +0 helmet
 h - a +1 cloak (worn)
 k - a +0 pair of gloves
 z - a +2 pair of gloves (worn)
 B - a +2 ring mail of positive energy (worn)
Jewellery
 n - a ring of wizardry (left hand)
 r - a +6 ring of dexterity (right hand)
Wands
 w - a wand of digging (8)
Scrolls
 i - 4 scrolls of vulnerability
 l - a scroll of fog
 u - a scroll of teleportation
 y - a scroll of fear
Potions
 g - 3 potions of haste
 j - a potion of lignification
 m - 3 potions of curing
 o - 2 potions of degeneration
 q - a potion of resistance
 t - 2 potions of heal wounds
 v - 3 potions of flight
 x - a potion of brilliance {unknown}


   Skills:
 - Level 4.0 Fighting
 - Level 2.6 Short Blades
 - Level 6.0 Axes
 - Level 3.0 Throwing
 - Level 5.0 Armour
 - Level 2.6 Dodging
 - Level 6.0 Stealth
 + Level 3.3 Evocations


You had 8 spell levels left.
You didn't know any spells.
Your spell library contained the following spells:

 Spells                   Type           Power      Damage    Failure   Level
 Ignite Poison            Fire/Tmut/Pois 0%         N/A       58%         3
 Ozocubu's Armour         Ice            0%         N/A       58%         3
 Summon Guardian Golem    Hex/Summ       0%         N/A       58%         3
 Sticky Flame             Conj/Fire      0%         2d3       92%         4
 Orb of Destruction       Conj           0%         9d5       100%        7
 Ozocubu's Refrigeration  Ice            0%         4d7       100%        7
 Spellforged Servitor     Conj/Summ      0%         N/A       100%        7
 Ignition                 Fire           0%         3d3       100%        8


Dungeon Overview and Level Annotations

Branches:
Dungeon (7/15)             Temple (0/1) D:4

Altars:
Cheibriados
Dithmenos
Fedhas
Gozag
Hepliaklqana
Vehumet
Wu Jian
Yredelemnul

Shops:
D:6 (

Annotations:
D:7 exclusion: oklob plant


Innate Abilities, Weirdness & Mutations

You have a pair of antennae on your head.
You sometimes emit foul miasma when damaged in melee.
You are partially covered in razor-sharp scales. (AC +1, Slay +1)


Message History

Found a blossoming altar of Fedhas.
An oklob plant comes into view.
Marking area around an oklob plant as unsafe for travelling.
You slash the plant!
The plant begins to die.
The plant is lightly damaged.
You hit the plant.
The plant begins to die.
You drain the plant. You hit the plant.
The plant begins to die.
You hit the plant.
The plant begins to die.
You drain the plant. You hit the plant.
The plant begins to die.
You drain the plant. You slash the plant! You drain the plant.
The plant is lightly damaged.
You slash the plant! You drain the plant. You slash the plant!
You drain the plant. You hit the plant. You drain the plant.
You slash the plant! You hit the plant. You drain the plant.
The plant is lightly damaged.
You hit the plant. You drain the plant. You slash the plant! You hit the plant.
You drain the plant. You hit the plant. You drain the plant.
A nearby plant withers and dies. x3
The oklob plant spits acid at you. The splash of acid misses you.
A nearby plant withers and dies. x2
The oklob plant spits acid at you. The splash of acid hits you!
The acid corrodes you! The oklob plant spits acid at you.
The splash of acid hits you!! The oklob plant spits acid at you.
The splash of acid hits you! The acid corrodes you!
An oklob plant is nearby!
An oklob plant is nearby!
You enter the shallow water.
Moving in this stuff is going to be slow.
An oklob plant is nearby!
An oklob plant is nearby!
The oklob plant spits acid at you. The splash of acid hits you!
* * * LOW HITPOINT WARNING * * *
The oklob plant spits acid at you. The splash of acid hits you!!
You die... #...############ ######## ..### ♣PPP.PPPP♣##PP..PP# ....#P PPPP#P♣.PPPPP.PP.# ....#P #♣P♣PPP♣#PPPP..P♣# ....#P##PPP#PPPP#PPPP..P#

#...#PP.♣P............P♣
....#PPPP..~~~~~..#...♣##
#...##PP..~≈~≈≈~~....PPP#
...[#.#..≈≈≈≈≈≈≈@~..P♣♣♣#
..###PP.≈~≈~~~≈≈≈~~.PP#
....###.~≈≈~...~~≈~.PPP.#
..#.....~≈≈~._......P.♣♣#
..#####.~≈≈~...~≈~≈.PP.♣
..# P.~~~≈~~≈≈≈≈~.#PP#
... PP..~≈≈≈~~≈≈≈..P.P.
..# #P#P..~≈≈~≈≈≈..PPPP#
... #PP♣P..~~~~


You could see an oklob plant.

Vanquished Creatures
  The ghost of CraigOfTheCreek the Covert, an amateur GnDe (D:6)
  A yak (D:6)
  2 steam dragons (D:7)
  2 orc warriors
  2 black bears
  A centaur (D:6)
  An ogre (D:6)
  A phantom (D:4)
  Blork the orc (D:4)
  2 necrophages
  3 scorpions
  5 hounds
  Crazy Yiuf (D:3)
  2 iguanas
  8 orc wizards
  6 gnolls (D:4)
  9 adders
  A white imp (D:5)
  An ufetubus (D:6)
  3 worms
  4 dart slugs
  26 orcs
  8 ball pythons
  11 endoplasms
  2 giant cockroaches
  5 goblins
  7 hobgoblins
  2 quokkas
  9 bats
  3 frilled lizards
  6 kobolds
  4 rats
  A spectral orc (D:5)
141 creatures vanquished.

Vanquished Creatures (others)
  5 plants (D:7)
  14 toadstools (D:7)
19 creatures vanquished.

Grand Total: 160 creatures vanquished

Notes
Turn   | Place    | Note
-------+----------+-------------------------------------------
     0 | D:1      | Newt the Demonspawn Gladiator began the quest for the Orb.
     0 | D:1      | Reached XP level 1. HP: 16/16 MP: 1/1
    63 | D:1      | Reached skill level 1 in Stealth
    88 | D:1      | Gained mutation: You may rarely emit foul miasma when
                  | damaged in melee. [demonic ancestry]
    88 | D:1      | Reached XP level 2. HP: 18/22 MP: 2/2
   700 | D:1      | Reached XP level 3. HP: 28/28 MP: 3/3
  1431 | D:2      | Identified the +3 ring mail of Damp Music {rPois rC+}
  1579 | D:3      | Found a shadowy altar of Dithmenos.
  1590 | D:3      | Became a worshipper of Dithmenos the Shadowed
  1690 | D:3      | Found a runed translucent door.
  1691 | D:3      | Noticed Crazy Yiuf
  1858 | D:3      | Gained mutation: You have a pair of small antennae on your
                  | head. [demonic ancestry]
  1858 | D:3      | Reached XP level 4. HP: 37/37 MP: 4/4
  1906 | D:3      | Noticed a necrophage
  1931 | D:3      | Killed a necrophage
  1932 | D:3      | Gained mutation: You have a pair of antennae on your head.
                  | [demonic ancestry]
  1932 | D:3      | Reached XP level 5. HP: 38/42 MP: 5/5
  2700 | D:3      | Killed Crazy Yiuf
  2849 | D:4      | Found a radiant altar of Vehumet.
  3045 | D:4      | Reached XP level 6. HP: 27/48 MP: 6/6
  3046 | D:4      | Reached * piety under Dithmenos
  3400 | D:4      | Found a staircase to the Ecumenical Temple.
  3647 | D:4      | Noticed Blork the orc
  3656 | D:4      | Killed Blork the orc
  3657 | D:4      | Gained mutation: You sometimes emit foul miasma when
                  | damaged in melee. [demonic ancestry]
  3657 | D:4      | Reached XP level 7. HP: 33/54 MP: 7/7
  4133 | D:5      | Entered Level 5 of the Dungeon
  4200 | D:5      | Found a hazy altar of Hepliaklqana.
  4243 | D:5      | Reached skill level 5 in Axes
  4603 | D:6      | Found Violoo Unyul's Antique Weapon Boutique.
  4631 | D:6      | Reached ** piety under Dithmenos
  4700 | D:6      | Noticed a yak
  4705 | D:6      | Found a runed translucent gate.
  4705 | D:6      | Found a runed translucent gate.
  4705 | D:6      | Found a runed translucent gate.
  4706 | D:6      | Noticed CraigOfTheCreek's ghost (amateur GnDe)
  4732 | D:6      | Reached skill level 1 in Armour
  4737 | D:6      | Gained mutation: You are partially covered in razor-sharp
                  | scales. (AC +1, Slay +1) [demonic ancestry]
  4737 | D:6      | Reached XP level 8. HP: 57/60 MP: 8/8
  4751 | D:6      | Found an opulent altar of Gozag.
  5188 | D:6      | Found a snail-covered altar of Cheibriados.
  5496 | D:6      | Killed CraigOfTheCreek's ghost
  5497 | D:6      | Reached skill level 5 in Armour
  5502 | D:6      | Reached skill level 5 in Stealth
  5735 | D:7      | Reached skill level 1 in Evocations
  5735 | D:7      | Reached XP level 9. HP: 8/65 MP: 9/9
  6137 | D:7      | Found a basalt altar of Yredelemnul.
  6183 | D:7      | Found an ornate altar of the Wu Jian Council.
  6224 | D:7      | Found a blossoming altar of Fedhas.
  6235 | D:7      | Noticed an oklob plant
  6255 | D:7      | Killed from afar by an oklob plant

Illustrated notes

Levels and vault maps discovered:
D:1:      dpeg_arrival_tiny_d, layout_basic
D:2:      layout_basic, minmay_misc_feat_tower, minmay_surrounded
D:3:      layout_basic, old_standard_altar, grunt_dithmenos_smoke_and_mirrors,
          uniq_crazy_yiuf_cottage
D:4:      layout_cave_pods, mainiacjoe_overflow_boulevard,
          minmay_temple_entry_offerings, uniq_blork_the_orc
D:5:      layout_rooms, nicolae_hepliaklqana_monster_ancestors
D:6:      layout_basic, kennysheep_little_box, slow_altar_2,
          gammafunk_ghost_split, serial_shops, nicolae_shop_stone,
          kennysheep_opposing_triangles
D:7:      layout_basic, tgw_fedhas, lemuel_round_altar,
          mainiacjoe_overflow_alcove_2

Skill      XL: |  1  2  3  4  5  6  7  8  9 |
---------------+----------------------------+-----
Stealth        | 1 2 3 4 6 |  6.0
Fighting       | 3 4 |  4.0
Throwing       | 2 3 |  3.0
Axes           | 3 6 |  6.0
Armour         | 1 5 |  5.0
Evocations     | 1 3 |  3.3
Short Blades   | |  2.6
Dodging        | |  2.6

Action                   |  1- 3 |  4- 6 |  7- 9 || total
-------------------------+-------+-------+-------++-------
Melee: Rapier            |   118 |    31 |       ||   149
       Punch             |     1 |       |     3 ||     4
       War axe           |       |    96 |   162 ||   258
Throw: Javelin           |       |     1 |     1 ||     2
       Dart              |       |     2 |       ||     2
  Use: Scroll            |     4 |     2 |     9 ||    15
       Potion            |       |     1 |     2 ||     3
 Stab: Sleeping          |     8 |     2 |     3 ||    13
       Distracted        |       |       |     2 ||     2
Armor: Leather armour    |    57 |    64 |     6 ||   127
       Ring mail         |       |       |    78 ||    78
Dodge: Dodged            |    77 |   112 |   119 ||   308

Table legend: (Time is in decaauts)
 A = Elapsed time spent in this place.
 B = Non-inter-level travel time spent in this place.
 C = Inter-level travel time spent in this place.
 D = Time resting spent in this place.
 E = Time spent auto-exploring this place.
 F = Levels seen in this place.
 G = Mean time per level.
                   A        B        C        D        E       F      G
               +--------+--------+--------+--------+--------+-----+--------+
         Total |   6340 |   6155 |    185 |   1047 |   3942 |   7 |  905.7 |
       Dungeon |   6340 |   6155 |    185 |   1047 |   3942 |   7 |  905.7 |
               +--------+--------+--------+--------+--------+-----+--------+

Top non-repeatable levels by time:
     D:6: 1379 daAuts
     D:4: 1379 daAuts
     D:3: 1244 daAuts
     D:1: 801 daAuts
     D:2: 774 daAuts
     D:5: 471 daAuts
     D:7: 290 daAuts
